 Dungeon Crawl Stone Soup version 0.24-a0-365-ga4d96b6e6e (webtiles) character file.

Game seed: 11516803586297719373

1553 PgLoLo the Thaumaturge (level 8, -1/58 HPs)
             Began as a Gnoll Wizard on May 27, 2019.
             Was an Initiate of Sif Muna.
             Slain by an unseen horror (5 damage)
             ... on level 6 of the Dungeon.
             The game lasted 00:23:55 (7542 turns).

PgLoLo the Thaumaturge (Gnoll Wizard)               Turns: 7542, Time: 00:23:56

Health: -1/58      AC:  5    Str: 10    XL:     8   Next: 88%
Magic:  11/20      EV: 15    Int: 23    God:    Sif Muna [......]
Gold:   268        SH:  0    Dex: 13    Spells: 12/23 levels left

rFire    + . .     SeeInvis .   a - +0 scythe
rCold    . . .     Gourm    .   (shield currently unavailable)
rNeg     . . .     Faith    .   q - +2 robe {rF+}
rPois    .         Spirit   .   x - +0 hat
rElec    .         Reflect  .   H - +0 cloak
rCorr    .         Harm     .   (no gloves)
MR       .....                  (no boots)
Stlth    +.........             (no amulet)
HPRegen  0.19/turn              y - ring of flight
MPRegen  0.17/turn              C - ring of attention

@: very slow
A: distributed training, fangs 1, strong nose
a: Renounce Religion, Evoke Flight


You were on level 6 of the Dungeon.
You worshipped Sif Muna.
Sif Muna was noncommittal.
You were not hungry.

You visited 2 branches of the dungeon, and saw 7 of its levels.

You collected 268 gold pieces.

Inventory:

Hand Weapons
 a - a +0 scythe (weapon)
 b - a +0 falchion of protection
 h - a +0 dagger
 w - a +1 trident of freezing
 B - the cursed +1 dagger of Ceupukag {freeze, *Contam rF+++ Dex+6}
   (You took it off an orc on level 4 of the Dungeon)

   It has been specially enchanted to freeze those struck by it, causing extra
   injury to most foes and up to half again as much damage against particularly
   susceptible opponents.
   It can also slow down cold-blooded creatures.
   It affects your dexterity (+6).
   It renders you almost immune to fire.
   It causes magical contamination when unequipped.
   It has a curse placed upon it.
Missiles
 m - 5 boomerangs (quivered)
Armour
 q - a +2 robe of fire resistance (worn)
 x - a +0 hat (worn)
 H - a +0 cloak (worn)
Jewellery
 j - a +4 ring of dexterity
 y - a ring of flight (left hand)
 C - a ring of attention (right hand)
Wands
 u - a wand of polymorph (6)
 D - a wand of disintegration (16)
Scrolls
 c - 3 scrolls of remove curse
 e - 5 scrolls of teleportation
 k - a scroll of enchant weapon {unknown}
 o - a scroll of magic mapping
 p - 2 scrolls of random uselessness {unknown}
 r - a scroll of fear {unknown}
 s - a scroll of enchant armour {unknown}
 E - 3 scrolls of identify
 F - a scroll of silence {unknown}
 G - a scroll of amnesia {unknown}
Potions
 f - 2 potions of brilliance
 g - 4 potions of degeneration
 i - 2 potions of ambrosia
 l - 2 potions of cancellation {unknown}
 n - a potion of heal wounds {unknown}
 t - 3 potions of haste {unknown}
 v - a potion of lignification {unknown}
 z - a potion of curing
 A - a potion of magic {unknown}
Comestibles
 d - 9 rations
 I - 2 chunks of flesh


   Skills:
 + Level 3.5 Fighting
 + Level 3.5 Short Blades
 + Level 3.5 Long Blades
 + Level 3.5 Axes
 + Level 3.5 Maces & Flails
 + Level 3.5 Polearms
 + Level 3.5 Staves
 + Level 3.5 Slings
 + Level 3.5 Bows
 + Level 3.5 Crossbows
 + Level 3.5 Throwing
 + Level 3.5 Armour
 + Level 5.9 Dodging
 + Level 5.5 Stealth
 + Level 3.5 Shields
 + Level 3.5 Unarmed Combat
 + Level 8.0 Spellcasting
 + Level 3.7 Conjurations
 + Level 2.9 Hexes
 + Level 2.9 Charms
 + Level 3.7 Summonings
 + Level 2.9 Necromancy
 + Level 3.7 Translocations
 + Level 2.9 Transmutations
 + Level 2.9 Fire Magic
 + Level 2.9 Ice Magic
 + Level 2.9 Air Magic
 + Level 2.9 Earth Magic
 + Level 2.9 Poison Magic
 + Level 3.9 Invocations
 + Level 3.5 Evocations


You had 12 spell levels left.
You knew the following spells:

 Your Spells              Type           Power        Failure   Level  Hunger
a - Magic Dart            Conj           ####         1%          1    None
b - Blink                 Tloc           N/A          2%          2    None
c - Conjure Flame         Conj/Fire      ###.....     5%          3    None
d - Mephitic Cloud        Conj/Pois/Air  ###.....     5%          3    None
s - Call Imp              Summ           ####....     2%          2    None

Your spell library contained the following spells:

 Spells                   Type           Power        Failure   Level  Hunger
 Slow                     Hex            ###.....     3%          2    None


Dungeon Overview and Level Annotations

Branches:
Dungeon (6/15)             Temple (1/1) D:6

Altars:
Ashenzari
Cheibriados
Dithmenos
Elyvilon
Fedhas
Gozag
Hepliaklqana
Kikubaaqudgha
Makhleb
Nemelex Xobeh
Okawaru
Qazlal
Ru
Sif Muna
Trog
Uskayaw
Vehumet
Wu Jian
Xom
Yredelemnul
The Shining One

Shops:
D:5 :


Innate Abilities, Weirdness & Mutations

Your experience applies equally to all skills.
You have very sharp teeth.
Your uncanny sense of smell can sniff out nearby items.


Message History

You throw a boomerang. Something hits you. x2
* * * LOW HITPOINT WARNING * * *
Something hits you!
* * * LOW HITPOINT WARNING * * *
Something hits you.
* * * LOW HITPOINT WARNING * * *
Casting: Conjure Flame (safe; 5% risk of failure)
Confirm with . or Enter, or press ? or * to list all spells.
You blink.
Splash!
You fall into the shallow water.
Moving in this stuff is going to be slow.
Something hits you.
* * * LOW HITPOINT WARNING * * *
Casting: Blink (safe; 2% risk of failure)
Confirm with . or Enter, or press ? or * to list all spells.
You blink.
Splash!
Something hits you.
You die...

,* **>,,***,* #.# <*
**,***,*#,* #####.# ,*
*,** **,#.#########...÷..
,*
*,*****,#................
,*
*,,,,,,,,..#.............
,*
*,#####*##.#..#####......
,* *,#....##.....##
#.##.## ,*
**,#._.....⌠.##.# #.#...#
,* *,,#.≈..≈@....#.#
#.#.8.# ,*
*,,#..≈≈≈{≈...#§# ###...#
,* *,,##..≈≈≈{....##
###.## **
*,,##..≈≈≈§..#.# #.....
*,,#...≈≈≈≈..#.# #.....
*,...⌠..≈....#.# **#..>..
*,..........##.# #.#.....
*,#.#..###..##.# #.#.....
********,,....**#.###.#
#.###.##


There were no monsters in sight!

Vanquished Creatures
  Sigmund (D:2)
  An ice beast (D:4)
  2 ogres
  2 scorpions
  A crimson imp (D:4)
  A quasit (D:6)
  4 hounds (D:6)
  An orc wizard (D:6)
  An orc priest (D:4)
  Terence (D:3)
  Jessica (D:3)
  4 worker ants
  An iguana (D:4)
  A gnoll (D:6)
  5 adders
  A shadow imp (D:6)
  An ooze (D:4)
  An adder skeleton (D:4)
  4 worms
  5 dart slugs
  7 leopard geckos
  11 orcs (D:4)
  7 bats (D:1)
  5 giant cockroaches
  13 goblins
  6 hobgoblins
  5 jackals
  6 kobolds
  A quokka (D:2)
  A ball python (D:1)
  2 frilled lizards
  A quokka zombie (D:6)
  6 rats
110 creatures vanquished.

Vanquished Creatures (collateral kills)
  Grinder (D:4)
  Menkaure (D:4)
  A centaur (D:5)
  A bullfrog (D:6)
  2 hounds (D:5)
  3 orc wizards
  A worker ant (D:4)
  Robin (D:4)
  3 gnolls (D:6)
  An adder (D:4)
  A worm (D:4)
  6 orcs
  A hobgoblin (D:4)
  2 jackals (D:5)
  A goblin (D:4)
26 creatures vanquished.

Vanquished Creatures (others)
  3 toadstools (D:2)
3 creatures vanquished.

Grand Total: 139 creatures vanquished

Notes
Turn   | Place    | Note
-------+----------+-------------------------------------------
     0 | D:1      | PgLoLo the Gnoll Wizard began the quest for the Orb.
     0 | D:1      | Reached XP level 1. HP: 13/13 MP: 8/8
    63 | D:1      | Reached XP level 2. HP: 13/19 MP: 1/10
   136 | D:1      | Learned a level 2 spell: Blink
   139 | D:1      | Learned a level 2 spell: Call Imp
   534 | D:1      | Reached XP level 3. HP: 25/25 MP: 8/11
   539 | D:1      | Learned a level 3 spell: Conjure Flame
   543 | D:1      | Learned a level 3 spell: Mephitic Cloud
   910 | D:1      | Reached skill level 1 in Invocations
  1332 | D:2      | Reached skill level 1 in Fighting
  1332 | D:2      | Reached skill level 1 in Short Blades
  1332 | D:2      | Reached skill level 1 in Long Blades
  1332 | D:2      | Reached skill level 1 in Axes
  1332 | D:2      | Reached skill level 1 in Maces & Flails
  1332 | D:2      | Reached skill level 1 in Polearms
  1332 | D:2      | Reached skill level 1 in Staves
  1332 | D:2      | Reached skill level 1 in Slings
  1332 | D:2      | Reached skill level 1 in Bows
  1332 | D:2      | Reached skill level 1 in Crossbows
  1332 | D:2      | Reached skill level 1 in Throwing
  1332 | D:2      | Reached skill level 1 in Armour
  1332 | D:2      | Reached skill level 1 in Shields
  1332 | D:2      | Reached skill level 1 in Unarmed Combat
  1332 | D:2      | Reached skill level 1 in Evocations
  1342 | D:2      | Reached XP level 4. HP: 19/32 MP: 7/13
  1640 | D:2      | Noticed Sigmund
  2401 | D:2      | Killed Sigmund
  2401 | D:2      | Reached skill level 1 in Hexes
  2401 | D:2      | Reached skill level 1 in Charms
  2401 | D:2      | Reached skill level 1 in Necromancy
  2401 | D:2      | Reached skill level 1 in Transmutations
  2401 | D:2      | Reached skill level 1 in Fire Magic
  2401 | D:2      | Reached skill level 1 in Ice Magic
  2401 | D:2      | Reached skill level 1 in Air Magic
  2401 | D:2      | Reached skill level 1 in Earth Magic
  2401 | D:2      | Reached skill level 1 in Poison Magic
  2401 | D:2      | Reached XP level 5. HP: 37/37 MP: 1/14
  2659 | D:3      | Noticed an ogre
  2674 | D:3      | Killed an ogre
  2674 | D:3      | Reached XP level 6. HP: 44/44 MP: 12/16
  3123 | D:3      | Noticed Terence
  3132 | D:3      | Killed Terence
  3132 | D:3      | Reached skill level 5 in Dodging
  3267 | D:3      | Found a shadowy altar of Dithmenos.
  3272 | D:3      | Noticed Jessica
  3303 | D:3      | Killed Jessica
  4089 | D:4      | Noticed Robin
  4100 | D:4      | Killed Robin
  4195 | D:4      | Found a burning altar of Makhleb.
  4196 | D:4      | Found a shimmering altar of Xom.
  4240 | D:4      | Noticed Grinder
  4283 | D:4      | Reached XP level 7. HP: 17/50 MP: 13/18
  4541 | D:4      | Paralysed by Grinder for 2 turns
  4545 | D:4      | Paralysed by Grinder for 5 turns
  4553 | D:4      | Killed Grinder
  4844 | D:4      | Identified the cursed +1 dagger of Ceupukag {freeze,
                  | *Contam rF+++ Dex+6}
  4899 | D:4      | Reached skill level 5 in Stealth
  4969 | D:4      | Found a sparkling altar of Nemelex Xobeh.
  4970 | D:4      | Found a white marble altar of Elyvilon.
  4970 | D:4      | Found an iron altar of Okawaru.
  5001 | D:4      | Found a shattered altar of Ashenzari.
  5204 | D:4      | Noticed Menkaure
  5221 | D:4      | Killed Menkaure
  5221 | D:4      | Reached XP level 8. HP: 31/57 MP: 13/19
  5696 | D:5      | Entered Level 5 of the Dungeon
  5696 | D:5      | Found Vynyts's Book Emporium.
  6594 | D:6      | Found a staircase to the Ecumenical Temple.
  6607 | Temple   | Entered the Ecumenical Temple
  6807 | Temple   | Became a worshipper of Sif Muna the Loreminder
  6882 | D:5      | Reached skill level 8 in Spellcasting
  7516 | D:6      | Found an ancient bone altar of Kikubaaqudgha.
  7542 | D:6      | Slain by an unseen horror

Levels and vault maps discovered:
D:1:      scummos_arrival_forest, layout_rooms, corexii_hall_statues_x
D:2:      layout_basic, first_ration, minmay_gold_behind_fungi, uniq_sigmund
D:3:      layout_basic, nicolae_dithmenos_shadow_blocks, uniq_jessica,
          uniq_terence
D:4:      layout_rooms, grunt_temple_overflow_champion_of_chaos,
          nicolae_overflow_quartered_altars, uniq_menkaure, uniq_robin,
          uniq_grinder
D:5:      layout_cave_pools, serial_shops, nicolae_shop_statue_plus,
          minmay_checkerbox
D:6:      layout_loops_ring, kiku_gazebo_pond_becter,
          minmay_temple_entry_antechambers
Temple:   nicolae_temple_figure_eight

Skill      XL: |  1  2  3  4  5  6  7  8 |
---------------+-------------------------+-----
Conjurations   | 2 3 |  3.7
Summonings     | 2 3 |  3.7
Translocations | 2 3 |  3.7
Invocations    | 1 2 3 |  3.9
Fighting       | 1 2 3 |  3.5
Short Blades   | 1 2 3 |  3.5
Long Blades    | 1 2 3 |  3.5
Axes           | 1 2 3 |  3.5
Maces & Flails | 1 2 3 |  3.5
Polearms       | 1 2 3 |  3.5
Staves         | 1 2 3 |  3.5
Slings         | 1 2 3 |  3.5
Bows           | 1 2 3 |  3.5
Crossbows      | 1 2 3 |  3.5
Throwing       | 1 2 3 |  3.5
Armour         | 1 2 3 |  3.5
Shields        | 1 2 3 |  3.5
Unarmed Combat | 1 2 3 |  3.5
Evocations     | 1 2 3 |  3.5
Hexes          | 1 2 |  2.9
Charms         | 1 2 |  2.9
Necromancy     | 1 2 |  2.9
Transmutations | 1 2 |  2.9
Fire Magic     | 1 2 |  2.9
Ice Magic      | 1 2 |  2.9
Air Magic      | 1 2 |  2.9
Earth Magic    | 1 2 |  2.9
Poison Magic   | 1 2 |  2.9
Dodging        | 5 |  5.9
Stealth        | 5 |  5.5
Spellcasting   | 8 |  8.0

Action                   |  1- 3 |  4- 6 |  7- 9 || total
-------------------------+-------+-------+-------++-------
Melee: Unarmed           |     1 |       |       ||     1
       Dagger            |     4 |       |       ||     4
       Scythe            |       |    45 |   126 ||   171
       Bite              |       |     4 |     6 ||    10
Throw: Boomerang         |       |    19 |    14 ||    33
 Cast: Magic Dart        |    79 |   109 |    86 ||   274
       Conjure Flame     |       |     9 |    17 ||    26
       Call Imp          |       |     8 |    36 ||    44
       Blink             |       |       |     8 ||     8
       Mephitic Cloud    |       |       |     3 ||     3
  Use: Scroll            |       |       |     9 ||     9
 Stab: Sleeping          |     1 |     2 |       ||     3
       Confused          |       |       |     2 ||     2
       Distracted        |       |       |     1 ||     1
  Eat: Chunk             |     1 |     6 |     4 ||    11
       Ration            |       |     1 |     2 ||     3
Armor: Robe              |     7 |     7 |    26 ||    40
Dodge: Dodged            |    33 |    30 |   114 ||   177

Table legend:
 A = Non-vault XP
 B = Vault XP
 C = Vault XP percentage of total XP
 D = Non-vault monster count
 E = Vault monster count
 F = Vault count percentage of total count
                 A         B        C        D         E       F
            +---------+---------+-------+---------+---------+-------
      Total |    1532 |     687 |  31.0 |     117 |      19 |  14.0
            +---------+---------+-------+---------+---------+-------
        D:1 |      65 |       0 |   0.0 |      31 |       0 |   0.0
        D:2 |      51 |     143 |  73.7 |      14 |       1 |   6.7
        D:3 |     181 |      68 |  27.3 |      15 |       2 |  11.8
        D:4 |     339 |     476 |  58.4 |      26 |      16 |  38.1
        D:5 |     336 |       0 |   0.0 |      13 |       0 |   0.0
        D:6 |     560 |       0 |   0.0 |      18 |       0 |   0.0
            +---------+---------+-------+---------+---------+-------
